 Dungeon Crawl Stone Soup version 0.31-a0-986-g5e6e4ef867 (webtiles) character file.

Game seed: 9679752600712344693

1123 GloriousHammer the Spear-Bearer (level 8, -1/66 HPs)
             Began as a Minotaur Fighter on Nov 8, 2023.
             Was a Believer of Yredelemnul.
             Slain by a gnoll
             ... wielding a +0 flail
             ... led by a gnoll bouda
              (7 damage)
             ... on level 5 of the Dungeon on Nov 9, 2023.
             The game lasted 00:09:40 (3741 turns).

GloriousHammer the Spear-Bearer (Minotaur Fighter)  Turns: 3741, Time: 00:09:41

Health: -1/66      AC: 17    Str: 23    XL:     8   Next: 13%
Magic:  7/7        EV:  8    Int:  5    God:    Yredelemnul [**....]
Gold:   326        SH:  4    Dex: 10    Spells: 7/7 levels left

rFire   . . .        a - +0 trident
rCold   . . .        c - +0 buckler
rNeg    . . .        i - +0 chain mail
rPois   .            (helmet restricted)
rElec   .            l - +0 cloak {Will+}
rCorr   .            m - +2 pair of gloves
SInv    +            (no boots)
Will    +....        h - amulet of regeneration Stlth
                     T - +4 ring of protection
HPRegen 1.11/turn    v - ring of see invisible
MPRegen 0.10/turn

%: no passive effects
@: lethally poisoned (-1 -> -4)
A: horns 2, retaliatory headbutt
a: Renounce Religion, Recall Undead Harvest, Dark Bargain


You were on level 5 of the Dungeon.
You worshipped Yredelemnul.
Yredelemnul was noncommittal.
You visited 1 branch of the dungeon, and saw 5 of its levels.

You collected 326 gold pieces.

Inventory:

Hand Weapons
 a - a +0 trident (weapon)
 b - a +0 sling
Missiles
 o - 7 poisoned darts
Armour
 c - a +0 buckler (worn)
 i - a +0 chain mail (worn)
 l - a +0 cloak of willpower (worn)
 m - a +2 pair of gloves (worn)
Jewellery
 h - an amulet of regeneration (around neck)
 v - a ring of see invisible (right hand)
 L - a ring of flight
 T - a +4 ring of protection (left hand)
Scrolls
 e - a scroll of poison
 g - a scroll of immolation {unknown}
 j - a scroll of enchant weapon {unknown}
 n - a scroll of teleportation {unknown}
 p - a scroll of silence {unknown}
 I - a scroll of identify
Potions
 d - a potion of might
 f - 4 potions of heal wounds
 k - a potion of curing {unknown}


   Skills:
 + Level 3.9 Fighting
 * Level 11.2 Polearms
 + Level 0.7 Throwing
 + Level 3.9 Armour
 + Level 0.8 Dodging
 + Level 3.9 Shields
 + Level 0.8 Invocations


You had 7 spell levels left.
You didn't know any spells.
Your spell library contained the following spells:

 Spells                   Type           Power      Damage    Failure   Level
 Apportation              Tloc           0%         N/A       98%         1
 Magic Dart               Conj           0%         1d3       98%         1
 Necrotise                Necr           0%         1d4       98%         1
 Summon Small Mammal      Summ           0%         N/A       98%         1
 Call Imp                 Summ           0%         N/A       99%         2
 Mephitic Cloud           Conj/Pois/Air  0%         N/A       100%        3
 Chain Lightning          Conj/Air       0%         N/A       100%        9
 Fire Storm               Conj/Fire      0%         5d1       100%        9
 Shatter                  Erth           0%         3d5*      100%        9


Dungeon Overview and Level Annotations

Branches:
Dungeon (5/15)
 Temple: D:4-7

Altars:
Kikubaaqudgha
Yredelemnul

Shops:
D:2 (


Innate Abilities, Weirdness & Mutations

You have a pair of horns on your head.
You reflexively headbutt those who attack you in melee.


Message History

The ice beast closely misses you.
The gnoll bouda hits your gnoll zombie with a +0 club!
You hit the ice beast.
You kill the ice beast!
The dead are walking!
You block the gnoll's attack.
The gnoll bouda gazes fiercely through you!
You feel as though you will be weak longer.
Your gnoll zombie hits the gnoll bouda.
The scorpion completely misses your gnoll zombie.
You have reached level 8!
You feel stronger.
You hit the gnoll bouda. Your headbutt misses the gnoll bouda.
The gnoll bouda is lightly wounded.
The gnoll misses you.
The scorpion barely misses your gnoll zombie.
You block the gnoll bouda's attack.
You barely miss the gnoll bouda. You headbutt the gnoll bouda!
The gnoll bouda is heavily wounded.
Your gnoll zombie hits the gnoll bouda.
The gnoll hits your gnoll zombie with a +0 flail!
Your gnoll zombie is destroyed!
Your ice beast zombie barely misses the gnoll.
The gnoll hits you but does no damage.
You hit the gnoll bouda.
The gnoll bouda is severely wounded.
The gnoll bouda closely misses you.
Your ice beast zombie barely misses the gnoll.
The scorpion stings you but does no damage.
You hit the gnoll bouda.
The gnoll bouda is almost dead.
The gnoll hits you but does no damage.
The gnoll bouda hits you but does no damage.
The scorpion stings you but does no damage.
You closely miss the gnoll bouda.
The gnoll bouda is almost dead.
You block the gnoll's attack.
Your ice beast zombie closely misses the gnoll.
The gnoll bouda closely misses you. You furiously retaliate!
You headbutt the gnoll bouda!
You kill the gnoll bouda!
The scorpion stings you.
You are poisoned.
The scorpion poisons you!
You closely miss the scorpion. Your headbutt misses the scorpion.
You feel sick. The gnoll hits you but does no damage. The scorpion stings you.
You are more poisoned.
The scorpion poisons you! The gnoll barely misses you.
You barely miss the scorpion.
You feel very sick. The gnoll hits you but does no damage.
The scorpion stings you but does no damage.
Unknown command.
You hit the scorpion but do no damage. You headbutt the scorpion!
The scorpion is moderately wounded.
You feel very sick.
The gnoll is no longer moving quickly.
The gnoll hits you with a +0 flail.
Your ice beast zombie barely misses the gnoll.
The gnoll barely misses you.
Unknown command.
You hit the scorpion.
You headbutt the scorpion, but do no damage.
The scorpion is heavily wounded.
You feel very sick. You block the scorpion's attack.
The gnoll hits you but does no damage.
Your ice beast zombie hits the gnoll.
You completely miss the scorpion.
The scorpion is heavily wounded.
You feel sick. The scorpion stings you.
You are more poisoned.
The scorpion poisons you! The gnoll barely misses you.
The gnoll hits you but does no damage.
You hit the scorpion.
You headbutt the scorpion, but do no damage.
The scorpion is severely wounded.
You feel very sick.
The scorpion stings you but does no damage.
Your ice beast zombie hits the gnoll.
The gnoll hits you but does no damage.
Unknown command.
You barely miss the scorpion.
The scorpion is severely wounded.
You feel very sick. The gnoll hits you but does no damage.
The scorpion stings you but does no damage.
The gnoll hits you from afar with a +0 spear.
* * * LOW HITPOINT WARNING * * *
Your ice beast zombie barely misses the gnoll.
You hit the scorpion but do no damage. You headbutt the scorpion!
You kill the scorpion!
You feel sick. The gnoll hits you with a +0 flail.
* * * LOW HITPOINT WARNING * * *
You puncture the gnoll! You headbutt the gnoll.
The gnoll is almost dead.
Your attacks no longer feel as feeble.
You feel sick.
The gnoll is no longer moving quickly.
The gnoll hits you from afar with a +0 spear.
* * * LOW HITPOINT WARNING * * *
Your ice beast zombie closely misses the gnoll.
The gnoll hits you with a +0 flail!
You die...
Your body rises from the dead as a mindless zombie.

.########..................##.#
.# #.#####............##.# .#
#. #............##Z# .. ..
#............##Z# ## ###
###..........##Z#
.............##.#
#..........##.#
.#######Z.........##.#
.....Zg@ZZ........'..#
.....g)#ZZ........##.#
.......#############.# .######
#.# #.# #.# ..# ##


You could see 2 gnolls, a friendly iguana zombie, a friendly adder zombie, a
friendly ice beast zombie, 2 friendly gnoll zombies and a friendly gnoll bouda
zombie.

Vanquished Creatures
  Menkaure (D:4)
  2 black bears
  An ice beast (D:5)
  A phantom (D:4)
  A scorpion (D:5)
  3 gnoll boudas
  2 hounds (D:4)
  Crazy Yiuf (D:2)
  Terence (D:3)
  2 iguanas
  An orc wizard (D:4)
  Robin (D:2)
  16 gnolls
  A howler monkey skeleton (D:4)
  6 adders
  A worm (D:4)
  6 orcs
  3 bats
  2 endoplasms (D:3)
  6 giant cockroaches
  12 goblins
  7 hobgoblins
  5 ball pythons
  3 frilled lizards
  8 kobolds
  6 rats
99 creatures vanquished.

Vanquished Creatures (collateral kills)
  A gnoll (D:5)
  An orc (D:5)
2 creatures vanquished.

Vanquished Creatures (others)
  A gnoll zombie (D:5)
1 creature vanquished.

Grand Total: 102 creatures vanquished

Notes
Turn   | Place    | Note
-------+----------+-------------------------------------------
     0 | D:1      | GloriousHammer the Minotaur Fighter began the quest for the
                  | Orb.
     0 | D:1      | Reached XP level 1. HP: 19/19 MP: 0/0
   113 | D:1      | Reached skill level 3 in Polearms
   311 | D:1      | Reached XP level 2. HP: 26/26 MP: 1/1
   987 | D:2      | Noticed Robin
  1004 | D:2      | Reached skill level 4 in Polearms
  1015 | D:2      | Killed Robin
  1016 | D:2      | Reached XP level 3. HP: 17/31 MP: 2/2
  1199 | D:2      | Reached skill level 5 in Polearms
  1366 | D:2      | Found Taepivoc's Weapon Boutique.
  1861 | D:2      | Found a runed translucent door.
  1862 | D:2      | Noticed Crazy Yiuf
  2023 | D:2      | Killed Crazy Yiuf
  2024 | D:2      | Reached XP level 4. HP: 30/39 MP: 3/3
  2359 | D:3      | Reached skill level 6 in Polearms
  2522 | D:3      | Reached XP level 5. HP: 41/45 MP: 4/4
  2545 | D:3      | Noticed Terence
  2557 | D:3      | Killed Terence
  2606 | D:3      | Reached skill level 7 in Polearms
  2771 | D:4      | Reached XP level 6. HP: 51/51 MP: 5/5
  2798 | D:4      | Reached skill level 8 in Polearms
  2914 | D:4      | Found a transporter.
  2917 | D:4      | Found an ancient bone altar of Kikubaaqudgha.
  2919 | D:4      | Noticed Menkaure
  2995 | D:4      | Found a basalt altar of Yredelemnul.
  3041 | D:4      | Found a transporter.
  3089 | D:4      | Reached skill level 9 in Polearms
  3164 | D:4      | Reached XP level 7. HP: 57/57 MP: 6/6
  3495 | D:4      | Killed Menkaure
  3496 | D:4      | Reached skill level 10 in Polearms
  3519 | D:4      | Identified the staff of Arbitration {rC+ Str+3 Ice}
  3526 | D:4      | Became a worshipper of Yredelemnul the Dark
  3551 | D:5      | Entered Level 5 of the Dungeon
  3651 | D:5      | Reached * piety under Yredelemnul
  3664 | D:5      | Reached skill level 11 in Polearms
  3725 | D:5      | Reached ** piety under Yredelemnul
  3728 | D:5      | Reached XP level 8. HP: 45/66 MP: 7/7
  3741 | D:5      | Slain by a gnoll

Illustrated notes

Levels and vault maps discovered:
D:1:      dpeg_arrival_brainrot, layout_basic, chequers_hall_statues_y,
          minmay_cut_off
D:2:      layout_basic, serial_shops, shop_fountains, uniq_crazy_yiuf_cottage,
          uniq_robin
D:3:      layout_loops_cross, uniq_terence
D:4:      layout_loops_ring, gammafunk_temple_of_torment
D:5:      layout_basic, xom_teletrap_fun, nicolae_overflow_crystal_walls

Skill      XL: |  1  2  3  4  5  6  7 |
---------------+----------------------+-----
Polearms       | 3 4 5 6 7 9 11 | 11.2
Fighting       | |  3.9
Throwing       | |  0.7
Armour         | |  3.9
Dodging        | |  0.8
Shields        | |  3.9
Invocations    | |  0.8

Action                     |  1- 3 |  4- 6 |  7- 9 || total
---------------------------+-------+-------+-------++-------
  Melee: Trident           |    82 |   139 |    76 ||   297
         Headbutt          |     9 |    21 |    27 ||    57
   Fire: Sling             |     3 |    17 |       ||    20
    Use: Scroll            |       |     3 |       ||     3
 Armour: Scale mail        |    27 |       |       ||    27
         Chain mail        |     3 |    82 |    67 ||   152
  Dodge: Dodged            |    24 |    43 |    31 ||    98
  Block: Buckler           |    15 |    23 |    15 ||    53

Table legend: (Time is in decaauts)
 A = Elapsed time spent in this place.
 B = Non-inter-level travel time spent in this place.
 C = Inter-level travel time spent in this place.
 D = Time resting spent in this place.
 E = Time spent auto-exploring this place.
 F = Levels seen in this place.
 G = Mean time per level.
                   A        B        C        D        E       F      G
               +--------+--------+--------+--------+--------+-----+--------+
         Total |   3738 |   3485 |    253 |      0 |   2630 |   5 |  747.6 |
       Dungeon |   3738 |   3485 |    253 |      0 |   2630 |   5 |  747.6 |
               +--------+--------+--------+--------+--------+-----+--------+

Top non-repeatable levels by time:
     D:2: 1129 daAuts
     D:1: 990 daAuts
     D:4: 799 daAuts
     D:3: 643 daAuts
     D:5: 176 daAuts
